3114 views
Uploaded 2020-03-23 00:12:45
Game version 1.32.3
28:24 long 3on3 ladder game on (6)RuinsOfStratholme
Saved by BEARAND
3114 views
Uploaded 2020-03-23 00:12:45
Game version 1.32.3
28:24 long 3on3 ladder game on (6)RuinsOfStratholme


86 units @ 8.3k
/ 0.6k
302 buildings @ 15.1k
/ 8.1k



| Scroll of Regeneration | 4 | 400 |
| Lesser Clarity Potion | 2 | 140 |
| Staff of Sanctuary | 3 | 750 |
| Orb of Fire | 1 | 325 |
| Staff of Teleportation | 3 | 450 |
| Boots of Speed | 3 | 750 |
| Periapt of Vitality | 2 | 650 |
| Circlet of Nobility | 1 | 175 |
| total: | 19 | 3640g |
| Peasant | 22 | 1650 | / | 0 |
| Priest | 1 | 135 | / | 10 |
| Dragonhawk Rider | 3 | 600 | / | 90 |
| total: | 26 | 2385g | / | 100w |
| Scout Tower | 93 | 2790 | / | 1860 |
| Arcane Tower | 4 | 280 | / | 200 |
| Guard Tower | 43 | 3010 | / | 2150 |
| Altar of Kings | 1 | 180 | / | 50 |
| Farm | 5 | 400 | / | 100 |
| Lumber Mill | 1 | 120 | / | 0 |
| Town Hall | 1 | 385 | / | 205 |
| Arcane Vault | 3 | 390 | / | 90 |
| Arcane Sanctum | 1 | 150 | / | 140 |
| Gryphon Aviary | 1 | 140 | / | 150 |
| Keep | 1 | 320 | / | 210 |
| Castle | 1 | 360 | / | 210 |
| total: | 106 | 4555g | / | 2595w |
| 0:02 | Peasant |
| 0:02 | Peasant |
| 0:04 | Altar of Kings |
| 0:08 | Farm |
| 0:10 | Peasant |
| 0:26 | Peasant |
| 0:49 | Scout Tower |
| 0:51 | Peasant |
| 0:59 | Farm |
| 1:04 | Lumber Mill |
| 1:06 | Peasant |
| 1:14 | Scout Tower |
| 1:17 | Arcane Tower |
| 1:31 | Peasant |
| 1:31 | Peasant |
| 1:47 | Peasant |
| 1:54 | Arcane Tower |
| 2:01 | Peasant |
| 2:06 | Blizzard |
| 2:10 | Peasant |
| 2:10 | Peasant |
| 2:22 | Scout Tower |
| 2:41 | Peasant |
| 2:41 | Peasant |
| 2:46 | Scout Tower |
| 2:50 | Scout Tower |
| 2:56 | Guard Tower |
| 3:07 | Brilliance Aura |
| 3:20 | Guard Tower |
| 3:24 | Scout Tower |
| 3:27 | Peasant |
| 4:02 | Keep |
| 4:10 | Guard Tower |
| 4:12 | Farm |
| 4:15 | Guard Tower |
| 4:58 | Town Hall |
| 5:04 | Scout Tower |
| 5:05 | Scout Tower |
| 5:07 | Scout Tower |
| 5:21 | Arcane Vault |
| 5:27 | Scout Tower |
| 5:31 | Arcane Tower |
| 5:44 | Improved Masonry |
| 5:47 | Scout Tower |
| 5:49 | Guard Tower |
| 5:52 | Scout Tower |
| 5:54 | Guard Tower |
| 5:58 | Staff of Teleportation |
| 6:11 | Guard Tower |
| 6:12 | Scout Tower |
| 6:25 | Scroll of Regeneration |
| 6:34 | Guard Tower |
| 6:36 | Scout Tower |
| 6:36 | Peasant |
| 6:37 | Peasant |
| 6:41 | Guard Tower |
| 6:47 | Guard Tower |
| 7:01 | Improved Lumber Harvesting |
| 7:13 | Scout Tower |
| 7:20 | Peasant |
| 7:20 | Peasant |
| 7:27 | Guard Tower |
| 7:30 | Scout Tower |
| 7:34 | Scout Tower |
| 7:36 | Scout Tower |
| 7:48 | Guard Tower |
| 7:51 | Scout Tower |
| 7:54 | Scout Tower |
| 8:03 | Storm Bolt |
| 8:17 | Arcane Sanctum |
| 8:55 | Guard Tower |
| 8:57 | Scout Tower |
| 8:58 | Scout Tower |
| 9:02 | Scout Tower |
| 9:04 | Scout Tower |
| 9:06 | Scout Tower |
| 9:07 | Scout Tower |
| 9:09 | Guard Tower |
| 9:11 | Scout Tower |
| 9:11 | Scout Tower |
| 9:13 | Guard Tower |
| 9:14 | Advanced Masonry |
| 9:24 | Scroll of Regeneration |
| 9:30 | Magic Sentry |
| 9:48 | Castle |
| 9:52 | Priest |
| 10:05 | Arcane Tower |
| 10:21 | Guard Tower |
| 10:24 | Guard Tower |
| 10:26 | Scout Tower |
| 10:34 | Priest Adept Training |
| 10:38 | Scout Tower |
| 10:39 | Scout Tower |
| 10:59 | Thunder Clap |
| 11:01 | Blizzard |
| 11:10 | Guard Tower |
| 11:11 | Scout Tower |
| 11:12 | Scout Tower |
| 11:19 | Guard Tower |
| 11:26 | Guard Tower |
| 11:28 | Scout Tower |
| 11:28 | Scout Tower |
| 11:31 | Scout Tower |
| 11:37 | Arcane Vault |
| 11:56 | Farm |
| 11:58 | Farm |
| 12:00 | Gryphon Aviary |
| 12:11 | Boots of Speed |
| 12:11 | Staff of Teleportation |
| 12:15 | Periapt of Vitality |
| 12:15 | Boots of Speed |
| 12:22 | Guard Tower |
| 12:23 | Scout Tower |
| 12:24 | Scout Tower |
| 12:25 | Scout Tower |
| 12:26 | Scout Tower |
| 12:26 | Scout Tower |
| 12:27 | Scout Tower |
| 12:27 | Scout Tower |
| 12:28 | Scout Tower |
| 12:31 | Guard Tower |
| 12:33 | Scout Tower |
| 12:36 | Scout Tower |
| 12:38 | Scout Tower |
| 13:27 | Guard Tower |
| 13:42 | Holy Light |
| 13:46 | Guard Tower |
| 13:47 | Scout Tower |
| 14:19 | Scroll of Regeneration |
| 14:22 | Guard Tower |
| 14:33 | Scout Tower |
| 14:34 | Scout Tower |
| 14:44 | Guard Tower |
| 14:59 | Scout Tower |
| 15:02 | Peasant |
| 15:02 | Peasant |
| 15:02 | Peasant |
| 15:04 | Advanced Lumber Harvesting |
| 15:17 | Scout Tower |
| 15:18 | Scout Tower |
| 15:36 | Circlet of Nobility |
| 15:37 | Staff of Teleportation |
| 15:38 | Boots of Speed |
| 15:39 | Periapt of Vitality |
| 15:47 | Guard Tower |
| 15:48 | Guard Tower |
| 15:50 | Scout Tower |
| 15:53 | Guard Tower |
| 16:46 | Arcane Vault |
| 16:51 | Scout Tower |
| 16:52 | Scout Tower |
| 16:53 | Scout Tower |
| 16:54 | Scout Tower |
| 16:55 | Scout Tower |
| 16:55 | Scout Tower |
| 16:56 | Scout Tower |
| 16:58 | Imbued Masonry |
| 17:00 | Guard Tower |
| 17:02 | Scout Tower |
| 17:02 | Scout Tower |
| 17:03 | Scout Tower |
| 17:03 | Scout Tower |
| 17:10 | Lesser Clarity Potion |
| 17:11 | Scroll of Regeneration |
| 17:15 | Lesser Clarity Potion |
| 17:18 | Staff of Sanctuary |
| 17:21 | Staff of Sanctuary |
| 17:26 | Guard Tower |
| 18:07 | Storm Bolt |
| 18:28 | Guard Tower |
| 18:30 | Scout Tower |
| 18:31 | Scout Tower |
| 18:31 | Scout Tower |
| 18:32 | Scout Tower |
| 19:08 | Guard Tower |
| 19:09 | Scout Tower |
| 19:10 | Scout Tower |
| 19:11 | Scout Tower |
| 19:11 | Scout Tower |
| 19:28 | Guard Tower |
| 19:31 | Scout Tower |
| 19:31 | Scout Tower |
| 19:32 | Scout Tower |
| 19:37 | Scout Tower |
| 19:38 | Scout Tower |
| 19:38 | Scout Tower |
| 19:39 | Scout Tower |
| 19:40 | Scout Tower |
| 19:40 | Scout Tower |
| 19:53 | Dragonhawk Rider |
| 19:54 | Dragonhawk Rider |
| 19:55 | Dragonhawk Rider |
| 20:02 | Guard Tower |
| 20:20 | Guard Tower |
| 20:22 | Scout Tower |
| 20:22 | Scout Tower |
| 20:23 | Scout Tower |
| 20:23 | Scout Tower |
| 20:37 | Divine Shield |
| 20:50 | Guard Tower |
| 20:59 | Brilliance Aura |
| 21:11 | Guard Tower |
| 21:18 | Guard Tower |
| 21:21 | Scout Tower |
| 21:21 | Scout Tower |
| 21:22 | Scout Tower |
| 21:22 | Scout Tower |
| 21:51 | Guard Tower |
| 22:01 | Orb of Fire |
| 22:01 | Staff of Sanctuary |
| 22:15 | Guard Tower |
| 23:46 | Guard Tower |
| 23:50 | Scout Tower |
| 23:51 | Scout Tower |
| 23:52 | Scout Tower |
| 25:37 | Thunder Clap |
| 25:58 | Guard Tower |
| 26:32 | Blizzard |
| Right click | 2494 |
| Select group | 1678 |
| Select | 358 |
| Build/train/purchase | 151 |
| Use ability | 114 |
| Misc. action | 33 |
| Minimap ping | 29 |
| Assign group | 13 |
| Resource trade | 7 |
| Item give/drop | 3 |
| Chat | 3 |
| Esc | 1 |



| Staff of Sanctuary | 3 | 750 |
| Scroll of Regeneration | 1 | 100 |
| Boots of Speed | 3 | 750 |
| Staff of Teleportation | 2 | 300 |
| Circlet of Nobility | 1 | 175 |
| Periapt of Vitality | 1 | 325 |
| total: | 11 | 2400g |
| Peasant | 14 | 1050 | / | 0 |
| Priest | 1 | 135 | / | 10 |
| Dragonhawk Rider | 1 | 200 | / | 30 |
| Gryphon Rider | 6 | 1680 | / | 420 |
| total: | 22 | 3065g | / | 460w |
| Scout Tower | 48 | 1440 | / | 960 |
| Arcane Tower | 1 | 70 | / | 50 |
| Guard Tower | 36 | 2520 | / | 1800 |
| Altar of Kings | 1 | 180 | / | 50 |
| Farm | 7 | 560 | / | 140 |
| Lumber Mill | 1 | 120 | / | 0 |
| Arcane Vault | 1 | 130 | / | 30 |
| Town Hall | 1 | 385 | / | 205 |
| Blacksmith | 1 | 140 | / | 60 |
| Barracks | 1 | 160 | / | 60 |
| Arcane Sanctum | 1 | 150 | / | 140 |
| Gryphon Aviary | 2 | 280 | / | 300 |
| Keep | 1 | 320 | / | 210 |
| Castle | 1 | 360 | / | 210 |
| total: | 64 | 3545g | / | 1945w |
| 0:03 | Peasant |
| 0:03 | Peasant |
| 0:03 | Peasant |
| 0:03 | Peasant |
| 0:10 | Altar of Kings |
| 0:25 | Peasant |
| 0:34 | Farm |
| 0:37 | Peasant |
| 0:46 | Lumber Mill |
| 0:49 | Peasant |
| 1:10 | Scout Tower |
| 1:19 | Farm |
| 1:23 | Peasant |
| 1:40 | Arcane Tower |
| 1:41 | Scout Tower |
| 1:48 | Peasant |
| 1:54 | Scout Tower |
| 2:12 | Blizzard |
| 2:17 | Guard Tower |
| 2:19 | Scout Tower |
| 2:20 | Peasant |
| 2:20 | Peasant |
| 2:20 | Peasant |
| 2:47 | Guard Tower |
| 2:48 | Peasant |
| 2:48 | Peasant |
| 3:01 | Scout Tower |
| 3:01 | Guard Tower |
| 3:26 | Brilliance Aura |
| 3:30 | Guard Tower |
| 3:31 | Scout Tower |
| 3:33 | Arcane Vault |
| 3:44 | Keep |
| 4:01 | Guard Tower |
| 4:02 | Scout Tower |
| 4:03 | Scout Tower |
| 4:04 | Scout Tower |
| 5:12 | Guard Tower |
| 5:13 | Guard Tower |
| 5:19 | Farm |
| 5:21 | Farm |
| 5:22 | Scout Tower |
| 5:22 | Scout Tower |
| 5:30 | Guard Tower |
| 5:32 | Scout Tower |
| 5:32 | Scout Tower |
| 5:33 | Scout Tower |
| 6:02 | Guard Tower |
| 6:19 | Blizzard |
| 6:23 | Improved Masonry |
| 6:24 | Improved Lumber Harvesting |
| 6:25 | Arcane Sanctum |
| 6:27 | Guard Tower |
| 6:52 | Castle |
| 6:58 | Guard Tower |
| 7:17 | Scout Tower |
| 7:18 | Scout Tower |
| 7:21 | Storm Bolt |
| 7:22 | Guard Tower |
| 7:30 | Guard Tower |
| 8:11 | Boots of Speed |
| 8:11 | Staff of Teleportation |
| 8:15 | Boots of Speed |
| 8:28 | Priest |
| 8:45 | Advanced Masonry |
| 9:14 | Staff of Sanctuary |
| 9:23 | Scroll of Regeneration |
| 10:24 | Imbued Masonry |
| 10:39 | Guard Tower |
| 10:39 | Guard Tower |
| 10:58 | Holy Light |
| 11:16 | Staff of Sanctuary |
| 11:29 | Scout Tower |
| 11:29 | Scout Tower |
| 11:30 | Scout Tower |
| 11:31 | Scout Tower |
| 11:31 | Scout Tower |
| 11:32 | Scout Tower |
| 11:33 | Scout Tower |
| 11:33 | Scout Tower |
| 11:34 | Scout Tower |
| 12:00 | Guard Tower |
| 12:02 | Guard Tower |
| 12:02 | Guard Tower |
| 12:35 | Town Hall |
| 12:39 | Guard Tower |
| 12:52 | Guard Tower |
| 14:56 | Bash |
| 15:00 | Gryphon Aviary |
| 15:01 | Gryphon Aviary |
| 15:02 | Blacksmith |
| 15:04 | Barracks |
| 15:05 | Farm |
| 15:05 | Magic Sentry |
| 15:38 | Scout Tower |
| 15:39 | Scout Tower |
| 15:39 | Scout Tower |
| 15:40 | Scout Tower |
| 15:40 | Scout Tower |
| 15:40 | Scout Tower |
| 15:41 | Scout Tower |
| 15:41 | Scout Tower |
| 15:57 | Boots of Speed |
| 15:57 | Staff of Teleportation |
| 16:00 | Circlet of Nobility |
| 16:00 | Periapt of Vitality |
| 16:21 | Dragonhawk Rider |
| 16:22 | Gryphon Rider |
| 16:22 | Gryphon Rider |
| 16:26 | Guard Tower |
| 16:26 | Guard Tower |
| 16:28 | Scout Tower |
| 16:28 | Scout Tower |
| 16:29 | Scout Tower |
| 16:29 | Scout Tower |
| 16:29 | Scout Tower |
| 16:30 | Scout Tower |
| 16:30 | Scout Tower |
| 16:30 | Scout Tower |
| 16:31 | Scout Tower |
| 16:31 | Scout Tower |
| 16:34 | Guard Tower |
| 16:34 | Guard Tower |
| 16:35 | Guard Tower |
| 16:35 | Animal War Training |
| 16:46 | Staff of Sanctuary |
| 17:03 | Storm Hammers |
| 17:06 | Advanced Lumber Harvesting |
| 18:13 | Gryphon Rider |
| 18:14 | Gryphon Rider |
| 18:22 | Divine Shield |
| 18:32 | Brilliance Aura |
| 18:49 | Iron Forged Swords |
| 19:19 | Guard Tower |
| 19:28 | Storm Bolt |
| 19:50 | Steel Forged Swords |
| 19:54 | Guard Tower |
| 19:54 | Guard Tower |
| 20:20 | Scout Tower |
| 20:20 | Scout Tower |
| 20:27 | Guard Tower |
| 20:27 | Guard Tower |
| 20:28 | Guard Tower |
| 21:04 | Guard Tower |
| 21:31 | Scout Tower |
| 21:32 | Scout Tower |
| 21:32 | Scout Tower |
| 22:02 | Guard Tower |
| 22:43 | Gryphon Rider |
| 27:08 | Holy Light |
| 27:47 | Gryphon Rider |
| 27:48 | Farm |
| 27:49 | Farm |
| Right click | 2933 |
| Select | 804 |
| Select group | 664 |
| Build/train/purchase | 188 |
| Use ability | 93 |
| Misc. action | 39 |
| Assign group | 18 |
| Resource trade | 17 |
| Item give/drop | 8 |
| Minimap ping | 7 |
| Chat | 4 |
| Esc | 1 |
⇛
iggythefisk
(28:20) : 


| Scroll of Regeneration | 6 | 600 |
| Staff of Sanctuary | 3 | 750 |
| Potion of Healing | 1 | 150 |
| Potion of Mana | 1 | 200 |
| Lesser Clarity Potion | 3 | 210 |
| Boots of Speed | 4 | 1000 |
| Staff of Teleportation | 3 | 450 |
| Circlet of Nobility | 1 | 175 |
| total: | 22 | 3535g |
| Peasant | 38 | 2850 | / | 0 |
| total: | 38 | 2850g | / | 0w |
| Scout Tower | 108 | 3240 | / | 2160 |
| Arcane Tower | 11 | 770 | / | 550 |
| Guard Tower | 40 | 2800 | / | 2000 |
| Altar of Kings | 3 | 540 | / | 150 |
| Lumber Mill | 2 | 240 | / | 0 |
| Farm | 11 | 880 | / | 220 |
| Arcane Vault | 3 | 390 | / | 90 |
| Town Hall | 4 | 1540 | / | 820 |
| Arcane Sanctum | 1 | 150 | / | 140 |
| Keep | 2 | 640 | / | 420 |
| Castle | 2 | 720 | / | 420 |
| total: | 132 | 6980g | / | 3580w |
| 0:01 | Peasant |
| 0:04 | Altar of Kings |
| 0:06 | Peasant |
| 0:18 | Lumber Mill |
| 0:22 | Peasant |
| 0:35 | Farm |
| 0:37 | Peasant |
| 0:55 | Peasant |
| 1:04 | Scout Tower |
| 1:07 | Peasant |
| 1:13 | Farm |
| 1:14 | Peasant |
| 1:19 | Scout Tower |
| 1:26 | Peasant |
| 1:37 | Peasant |
| 1:44 | Arcane Tower |
| 1:48 | Peasant |
| 1:56 | Arcane Tower |
| 2:03 | Scout Tower |
| 2:10 | Peasant |
| 2:12 | Scout Tower |
| 2:32 | Peasant |
| 2:39 | Blizzard |
| 2:41 | Guard Tower |
| 2:43 | Scout Tower |
| 2:45 | Scout Tower |
| 2:45 | Guard Tower |
| 2:53 | Peasant |
| 2:58 | Improved Masonry |
| 3:03 | Arcane Vault |
| 3:10 | Peasant |
| 3:12 | Scout Tower |
| 3:24 | Guard Tower |
| 3:25 | Guard Tower |
| 3:27 | Scout Tower |
| 3:59 | Guard Tower |
| 4:00 | Scout Tower |
| 4:05 | Guard Tower |
| 4:06 | Scout Tower |
| 4:22 | Keep |
| 4:41 | Guard Tower |
| 4:43 | Scout Tower |
| 4:45 | Scout Tower |
| 4:46 | Guard Tower |
| 5:25 | Brilliance Aura |
| 5:29 | Guard Tower |
| 5:31 | Guard Tower |
| 5:33 | Scout Tower |
| 6:01 | Guard Tower |
| 6:02 | Scout Tower |
| 6:25 | Farm |
| 6:40 | Town Hall |
| 6:45 | Scout Tower |
| 6:45 | Scout Tower |
| 6:53 | Improved Lumber Harvesting |
| 7:04 | Scroll of Regeneration |
| 7:17 | Advanced Masonry |
| 7:19 | Guard Tower |
| 7:20 | Scout Tower |
| 7:21 | Scout Tower |
| 7:25 | Peasant |
| 7:25 | Peasant |
| 7:25 | Peasant |
| 7:42 | Blizzard |
| 7:44 | Peasant |
| 7:50 | Peasant |
| 7:54 | Farm |
| 7:56 | Arcane Tower |
| 8:03 | Storm Bolt |
| 8:36 | Guard Tower |
| 8:41 | Scout Tower |
| 8:42 | Scout Tower |
| 8:51 | Peasant |
| 8:52 | Peasant |
| 8:52 | Peasant |
| 8:53 | Arcane Tower |
| 8:53 | Guard Tower |
| 8:58 | Peasant |
| 9:17 | Boots of Speed |
| 9:17 | Staff of Teleportation |
| 9:20 | Boots of Speed |
| 9:29 | Peasant |
| 9:35 | Scout Tower |
| 9:36 | Scout Tower |
| 9:36 | Scout Tower |
| 9:37 | Scout Tower |
| 9:38 | Scout Tower |
| 9:38 | Scout Tower |
| 9:41 | Guard Tower |
| 9:52 | Castle |
| 10:06 | Arcane Sanctum |
| 11:18 | Magic Sentry |
| 11:23 | Scout Tower |
| 11:24 | Scout Tower |
| 11:27 | Guard Tower |
| 11:37 | Arcane Vault |
| 11:42 | Scout Tower |
| 11:43 | Scout Tower |
| 11:43 | Scout Tower |
| 11:43 | Scout Tower |
| 11:47 | Scroll of Regeneration |
| 12:11 | Staff of Teleportation |
| 12:12 | Boots of Speed |
| 12:14 | Circlet of Nobility |
| 12:21 | Arcane Vault |
| 12:26 | Guard Tower |
| 12:30 | Scout Tower |
| 12:30 | Scout Tower |
| 12:39 | Scout Tower |
| 12:39 | Scout Tower |
| 12:41 | Staff of Sanctuary |
| 12:44 | Guard Tower |
| 12:49 | Town Hall |
| 12:51 | Scout Tower |
| 12:52 | Scout Tower |
| 12:53 | Scout Tower |
| 12:53 | Scout Tower |
| 12:54 | Scout Tower |
| 12:54 | Scout Tower |
| 12:55 | Scout Tower |
| 13:02 | Guard Tower |
| 13:05 | Scout Tower |
| 13:06 | Scout Tower |
| 13:13 | Imbued Masonry |
| 13:14 | Holy Light |
| 13:17 | Scout Tower |
| 13:17 | Scout Tower |
| 13:37 | Staff of Sanctuary |
| 13:55 | Guard Tower |
| 13:56 | Scout Tower |
| 14:14 | Guard Tower |
| 14:15 | Scout Tower |
| 14:28 | Scroll of Regeneration |
| 14:29 | Potion of Healing |
| 14:31 | Potion of Mana |
| 14:34 | Lesser Clarity Potion |
| 14:46 | Guard Tower |
| 14:47 | Peasant |
| 14:47 | Peasant |
| 14:49 | Scout Tower |
| 14:50 | Scout Tower |
| 14:52 | Bash |
| 15:00 | Scroll of Regeneration |
| 15:16 | Guard Tower |
| 15:17 | Scout Tower |
| 15:18 | Scout Tower |
| 15:19 | Scout Tower |
| 15:19 | Scout Tower |
| 15:20 | Scout Tower |
| 15:20 | Scout Tower |
| 15:21 | Scout Tower |
| 15:21 | Scout Tower |
| 15:59 | Guard Tower |
| 16:18 | Guard Tower |
| 16:19 | Guard Tower |
| 16:25 | Altar of Kings |
| 16:26 | Altar of Kings |
| 16:36 | Scroll of Regeneration |
| 16:38 | Lesser Clarity Potion |
| 16:44 | Guard Tower |
| 16:46 | Scout Tower |
| 16:54 | Farm |
| 16:54 | Farm |
| 16:58 | Farm |
| 16:59 | Farm |
| 17:12 | Arcane Tower |
| 17:18 | Arcane Tower |
| 17:20 | Scout Tower |
| 17:52 | Divine Shield |
| 17:54 | Arcane Tower |
| 17:56 | Scout Tower |
| 17:57 | Scout Tower |
| 18:06 | Farm |
| 18:07 | Farm |
| 18:21 | Scout Tower |
| 18:22 | Scout Tower |
| 18:23 | Arcane Tower |
| 18:26 | Farm |
| 18:43 | Scroll of Regeneration |
| 18:44 | Lesser Clarity Potion |
| 19:06 | Arcane Tower |
| 19:21 | Lumber Mill |
| 19:32 | Town Hall |
| 19:39 | Scout Tower |
| 19:39 | Scout Tower |
| 19:54 | Peasant |
| 19:54 | Peasant |
| 19:59 | Scout Tower |
| 20:00 | Scout Tower |
| 20:01 | Scout Tower |
| 20:01 | Scout Tower |
| 20:02 | Scout Tower |
| 20:10 | Boots of Speed |
| 20:10 | Staff of Teleportation |
| 20:22 | Scout Tower |
| 20:22 | Scout Tower |
| 20:23 | Scout Tower |
| 20:24 | Scout Tower |
| 20:24 | Scout Tower |
| 20:24 | Scout Tower |
| 21:03 | Arcane Tower |
| 21:10 | Guard Tower |
| 22:04 | Guard Tower |
| 22:06 | Guard Tower |
| 22:10 | Peasant |
| 22:10 | Peasant |
| 22:10 | Peasant |
| 22:17 | Staff of Sanctuary |
| 23:00 | Guard Tower |
| 23:37 | Brilliance Aura |
| 23:40 | Holy Light |
| 23:53 | Peasant |
| 23:53 | Peasant |
| 23:53 | Peasant |
| 24:26 | Town Hall |
| 25:24 | Guard Tower |
| 25:44 | Peasant |
| 25:44 | Peasant |
| 26:16 | Storm Bolt |
| 26:19 | Peasant |
| 26:19 | Peasant |
| 26:30 | Holy Light |
| 26:51 | Scout Tower |
| 26:52 | Scout Tower |
| 26:52 | Scout Tower |
| 26:53 | Scout Tower |
| 26:54 | Scout Tower |
| 26:54 | Scout Tower |
| 26:55 | Scout Tower |
| 26:55 | Scout Tower |
| 26:56 | Scout Tower |
| 26:58 | Scout Tower |
| 26:58 | Scout Tower |
| 26:59 | Scout Tower |
| 27:00 | Scout Tower |
| 27:01 | Scout Tower |
| 27:01 | Scout Tower |
| 27:04 | Scout Tower |
| 27:05 | Scout Tower |
| 27:05 | Scout Tower |
| 27:28 | Guard Tower |
| 27:32 | Guard Tower |
| 27:33 | Scout Tower |
| 27:34 | Guard Tower |
| 27:35 | Guard Tower |
| 27:36 | Scout Tower |
| 27:37 | Scout Tower |
| 27:38 | Scout Tower |
| 27:38 | Scout Tower |
| 27:39 | Scout Tower |
| 27:46 | Scout Tower |
| 27:46 | Scout Tower |
| 28:08 | Guard Tower |
| 28:15 | Scout Tower |
| 28:16 | Scout Tower |
| 28:19 | Scout Tower |
| 28:20 | Scout Tower |
| Right click | 1792 |
| Select group | 814 |
| Select | 486 |
| Assign group | 469 |
| Build/train/purchase | 209 |
| Use ability | 116 |
| Resource trade | 15 |
| Misc. action | 14 |
| Item give/drop | 10 |
162 units @ 24.8k
/ 4.7k
100 buildings @ 11.5k
/ 5k
⇛
ZETATURTLE
(28:19) : 

| Peasant | 16 | 1200 | / | 0 |
| Footman | 1 | 135 | / | 0 |
| Rifleman | 4 | 820 | / | 120 |
| Siege Engine | 14 | 2730 | / | 840 |
| total: | 35 | 4885g | / | 960w |
| Scout Tower | 17 | 510 | / | 340 |
| Arcane Tower | 4 | 280 | / | 200 |
| Guard Tower | 9 | 630 | / | 450 |
| Altar of Kings | 1 | 180 | / | 50 |
| Barracks | 1 | 160 | / | 60 |
| Farm | 21 | 1680 | / | 420 |
| Lumber Mill | 1 | 120 | / | 0 |
| Blacksmith | 1 | 140 | / | 60 |
| Arcane Vault | 1 | 130 | / | 30 |
| Town Hall | 2 | 770 | / | 410 |
| Cannon Tower | 3 | 360 | / | 300 |
| Workshop | 5 | 700 | / | 700 |
| Keep | 1 | 320 | / | 210 |
| Castle | 1 | 360 | / | 210 |
| total: | 50 | 4390g | / | 2070w |
| 0:04 | Peasant |
| 0:04 | Peasant |
| 0:07 | Altar of Kings |
| 0:11 | Barracks |
| 0:13 | Peasant |
| 0:32 | Farm |
| 0:52 | Peasant |
| 0:52 | Peasant |
| 1:21 | Farm |
| 1:35 | Lumber Mill |
| 1:45 | Farm |
| 1:46 | Farm |
| 1:49 | Footman |
| 1:57 | Peasant |
| 1:57 | Peasant |
| 1:57 | Peasant |
| 1:58 | Peasant |
| 2:11 | Scout Tower |
| 2:17 | Scout Tower |
| 2:29 | Blizzard |
| 2:39 | Peasant |
| 2:39 | Peasant |
| 2:39 | Peasant |
| 2:39 | Peasant |
| 2:40 | Peasant |
| 2:48 | Farm |
| 2:49 | Farm |
| 2:57 | Arcane Tower |
| 3:22 | Guard Tower |
| 3:23 | Guard Tower |
| 4:04 | Keep |
| 4:10 | Blacksmith |
| 4:15 | Scout Tower |
| 4:16 | Scout Tower |
| 4:18 | Scout Tower |
| 4:19 | Scout Tower |
| 4:33 | Improved Masonry |
| 4:42 | Guard Tower |
| 5:08 | Guard Tower |
| 5:24 | Rifleman |
| 5:36 | Guard Tower |
| 6:13 | Iron Plating |
| 6:18 | Guard Tower |
| 6:25 | Castle |
| 6:30 | Rifleman |
| 6:41 | Improved Lumber Harvesting |
| 6:59 | Long Rifles |
| 7:21 | Workshop |
| 7:26 | Workshop |
| 7:37 | Workshop |
| 7:52 | Rifleman |
| 8:12 | Scout Tower |
| 8:20 | Rifleman |
| 8:27 | Advanced Masonry |
| 8:40 | Black Gunpowder |
| 8:51 | Arcane Tower |
| 9:00 | Scout Tower |
| 9:11 | Siege Engine |
| 9:38 | Cannon Tower |
| 9:55 | Arcane Vault |
| 10:11 | Siege Engine |
| 10:15 | Barrage |
| 11:04 | Scout Tower |
| 11:11 | Scout Tower |
| 11:15 | Siege Engine |
| 11:49 | Arcane Tower |
| 11:52 | Siege Engine |
| 14:07 | Siege Engine |
| 14:13 | Farm |
| 14:14 | Farm |
| 14:15 | Farm |
| 14:16 | Farm |
| 14:17 | Farm |
| 14:18 | Farm |
| 14:19 | Farm |
| 14:20 | Farm |
| 14:20 | Farm |
| 14:21 | Farm |
| 14:27 | Farm |
| 14:28 | Farm |
| 14:28 | Farm |
| 14:29 | Farm |
| 14:29 | Farm |
| 15:34 | Siege Engine |
| 15:36 | Steel Plating |
| 15:40 | Siege Engine |
| 15:43 | Siege Engine |
| 15:53 | Refined Gunpowder |
| 15:56 | Cannon Tower |
| 16:19 | Imbued Masonry |
| 16:20 | Advanced Lumber Harvesting |
| 16:50 | Siege Engine |
| 16:56 | Workshop |
| 16:59 | Workshop |
| 17:07 | Brilliance Aura |
| 18:14 | Siege Engine |
| 18:34 | Mithril Plating |
| 18:36 | Imbued Gunpowder |
| 19:28 | Siege Engine |
| 19:33 | Devotion Aura |
| 21:21 | Siege Engine |
| 21:37 | Siege Engine |
| 21:50 | Siege Engine |
| 22:18 | Town Hall |
| 22:29 | Town Hall |
| 22:38 | Scout Tower |
| 22:40 | Scout Tower |
| 22:42 | Scout Tower |
| 22:47 | Scout Tower |
| 22:48 | Scout Tower |
| 22:52 | Scout Tower |
| 22:53 | Scout Tower |
| 24:17 | Cannon Tower |
| 24:20 | Guard Tower |
| 24:22 | Guard Tower |
| 25:59 | Arcane Tower |
| 26:53 | Guard Tower |
| 27:04 | Peasant |
| 27:37 | Peasant |
| Right click | 497 |
| Select | 354 |
| Build/train/purchase | 106 |
| Resource trade | 14 |
| Misc. action | 8 |
| Use ability | 7 |
| Remove unit | 7 |
| Esc | 1 |


| Healing Salve | 1 | 100 |
| Circlet of Nobility | 4 | 700 |
| total: | 5 | 800g |
| Peon | 23 | 1725 | / | 0 |
| Grunt | 9 | 1800 | / | 0 |
| Shaman | 30 | 3900 | / | 600 |
| Tauren | 21 | 5880 | / | 1680 |
| total: | 83 | 13305g | / | 2280w |
| Altar of Storms | 1 | 180 | / | 50 |
| Orc Burrow | 8 | 1280 | / | 320 |
| Barracks | 1 | 180 | / | 50 |
| War Mill | 3 | 615 | / | 0 |
| Voodoo Lounge | 1 | 130 | / | 30 |
| Great Hall | 3 | 1155 | / | 555 |
| Spirit Lodge | 2 | 300 | / | 300 |
| Tauren Totem | 2 | 270 | / | 310 |
| Stronghold | 1 | 315 | / | 190 |
| Fortress | 2 | 650 | / | 380 |
| total: | 21 | 4110g | / | 1615w |
| 0:02 | Peon |
| 0:12 | Altar of Storms |
| 0:15 | Orc Burrow |
| 0:20 | Barracks |
| 0:27 | Peon |
| 0:41 | Peon |
| 0:41 | Peon |
| 0:51 | Peon |
| 0:51 | Peon |
| 1:21 | Grunt |
| 1:34 | Orc Burrow |
| 1:49 | Grunt |
| 1:49 | Grunt |
| 2:10 | Feral Spirit |
| 2:10 | Feral Spirit |
| 2:26 | Grunt |
| 2:27 | Peon |
| 2:27 | Peon |
| 2:44 | Grunt |
| 2:44 | Grunt |
| 3:05 | Peon |
| 3:05 | Peon |
| 3:22 | War Mill |
| 3:35 | War Mill |
| 3:37 | Chain Lighting |
| 3:46 | Stronghold |
| 3:49 | Voodoo Lounge |
| 4:07 | Orc Burrow |
| 4:16 | War Mill |
| 4:30 | Orc Burrow |
| 5:15 | Feral Spirit |
| 5:23 | Grunt |
| 5:36 | Spiked Barricades |
| 6:08 | Berserker Strength |
| 6:09 | Peon |
| 6:09 | Peon |
| 6:12 | Spirit Lodge |
| 6:16 | Spirit Lodge |
| 6:40 | Reinforced Defenses |
| 6:46 | Fortress |
| 6:54 | Orc Burrow |
| 7:03 | Healing Salve |
| 7:10 | Healing Wave |
| 7:20 | Orc Burrow |
| 7:30 | Shaman Adept Training |
| 7:50 | Shaman |
| 8:07 | Circlet of Nobility |
| 8:33 | Improved Spiked Barricades |
| 8:42 | Grunt |
| 8:53 | Grunt |
| 8:56 | Tauren Totem |
| 9:02 | Tauren Totem |
| 9:11 | Shaman Master Training |
| 9:41 | Shaman |
| 9:46 | Hex |
| 10:01 | Chain Lighting |
| 10:10 | Great Hall |
| 10:19 | Pulverize |
| 10:38 | Shaman |
| 10:58 | Shaman |
| 11:08 | Tauren |
| 11:26 | Circlet of Nobility |
| 12:02 | Tauren |
| 12:02 | Tauren |
| 12:03 | Tauren |
| 12:27 | Orc Burrow |
| 12:34 | Steel Armor |
| 12:36 | Orc Burrow |
| 12:39 | Peon |
| 12:40 | Peon |
| 12:53 | Peon |
| 13:16 | Pillage |
| 13:33 | Tauren |
| 13:49 | Shaman |
| 13:49 | Shaman |
| 13:50 | Shaman |
| 14:05 | Shaman |
| 14:20 | Shaman |
| 14:23 | Healing Wave |
| 14:35 | Shaman |
| 15:03 | Tauren |
| 16:00 | Shaman |
| 16:30 | Great Hall |
| 16:44 | Shaman |
| 17:15 | Tauren |
| 17:43 | Tauren |
| 17:43 | Tauren |
| 17:43 | Tauren |
| 17:57 | Shaman |
| 18:09 | Hex |
| 18:11 | Shaman |
| 18:26 | Shaman |
| 18:37 | Shaman |
| 19:15 | Circlet of Nobility |
| 19:16 | Circlet of Nobility |
| 19:34 | Tauren |
| 19:58 | Tauren |
| 20:14 | Shaman |
| 20:36 | Tauren |
| 20:47 | Peon |
| 20:47 | Peon |
| 20:57 | Peon |
| 20:57 | Peon |
| 21:04 | Peon |
| 21:04 | Peon |
| 21:14 | Peon |
| 21:25 | Peon |
| 22:18 | Tauren |
| 22:18 | Tauren |
| 22:18 | Tauren |
| 22:46 | Chain Lighting |
| 22:53 | Shaman |
| 23:28 | Great Hall |
| 23:49 | Tauren |
| 24:26 | Tauren |
| 24:34 | Shaman |
| 24:35 | Shaman |
| 24:51 | Shaman |
| 25:01 | Shaman |
| 25:01 | Shaman |
| 25:14 | Shaman |
| 25:14 | Shaman |
| 25:39 | Shaman |
| 25:50 | Shaman |
| 26:03 | Shaman |
| 26:33 | Tauren |
| 27:04 | Shaman |
| 27:30 | Tauren |
| 27:44 | Shaman |
| 28:02 | Tauren |
| Select group | 3065 |
| Select | 902 |
| Misc. action | 682 |
| Right click | 601 |
| Build/train/purchase | 135 |
| Assign group | 61 |
| Use ability | 55 |
| Esc | 8 |
| Item give/drop | 5 |
| Minimap ping | 1 |


x1)
| Scroll of Regeneration | 4 | 400 |
| Lesser Clarity Potion | 1 | 70 |
| Potion of Mana | 1 | 200 |
| Potion of Healing | 1 | 150 |
| Scroll of Healing | 2 | 500 |
| Scroll of Town Portal | 3 | 1050 |
| Tome of Retraining | 1 | 300 |
| Potion of Lesser Invulnerability | 1 | 150 |
| total: | 14 | 2820g |
| Peasant | 15 | 1125 | / | 0 |
| Rifleman | 14 | 2870 | / | 420 |
| Mortar Team | 14 | 2520 | / | 980 |
| Flying Machine | 1 | 100 | / | 30 |
| total: | 44 | 6615g | / | 1430w |
| Scout Tower | 7 | 210 | / | 140 |
| Arcane Tower | 2 | 140 | / | 100 |
| Lumber Mill | 1 | 120 | / | 0 |
| Blacksmith | 1 | 140 | / | 60 |
| Barracks | 1 | 160 | / | 60 |
| Farm | 13 | 1040 | / | 260 |
| Altar of Kings | 1 | 180 | / | 50 |
| Town Hall | 2 | 770 | / | 410 |
| Arcane Vault | 1 | 130 | / | 30 |
| Workshop | 2 | 280 | / | 280 |
| Keep | 1 | 320 | / | 210 |
| Castle | 1 | 360 | / | 210 |
| total: | 29 | 3030g | / | 1290w |
| 0:02 | Peasant |
| 0:07 | Peasant |
| 0:09 | Peasant |
| 0:19 | Lumber Mill |
| 0:20 | Peasant |
| 0:35 | Blacksmith |
| 0:37 | Peasant |
| 0:45 | Peasant |
| 0:49 | Barracks |
| 0:50 | Peasant |
| 1:04 | Farm |
| 1:10 | Peasant |
| 1:21 | Peasant |
| 1:37 | Farm |
| 1:46 | Scout Tower |
| 1:57 | Rifleman |
| 2:11 | Altar of Kings |
| 2:20 | Farm |
| 2:23 | Arcane Tower |
| 2:33 | Rifleman |
| 2:53 | Farm |
| 2:59 | Rifleman |
| 3:29 | Rifleman |
| 3:39 | Peasant |
| 3:55 | Rifleman |
| 4:03 | Peasant |
| 4:10 | Peasant |
| 4:18 | Farm |
| 4:31 | Summon Water Elemental |
| 5:09 | Keep |
| 5:18 | Brilliance Aura |
| 5:23 | Town Hall |
| 5:46 | Rifleman |
| 6:07 | Black Gunpowder |
| 6:17 | Summon Water Elemental |
| 6:31 | Peasant |
| 6:34 | Farm |
| 6:37 | Farm |
| 6:42 | Studded Leather Armor |
| 6:58 | Arcane Vault |
| 7:32 | Long Rifles |
| 7:35 | Workshop |
| 7:36 | Workshop |
| 7:39 | Improved Masonry |
| 7:39 | Improved Lumber Harvesting |
| 7:48 | Refined Gunpowder |
| 7:51 | Peasant |
| 7:51 | Peasant |
| 8:44 | Castle |
| 8:46 | Mortar Team |
| 8:51 | Brilliance Aura |
| 9:08 | Farm |
| 9:22 | Mortar Team |
| 9:41 | Advanced Masonry |
| 9:59 | Mortar Team |
| 10:05 | Scroll of Healing |
| 10:06 | Scroll of Healing |
| 10:06 | Tome of Retraining |
| 10:06 | Retrain Hero |
| 10:06 | Potion of Lesser Invulnerability |
| 10:13 | Thunder Clap |
| 10:17 | Brilliance Aura |
| 10:18 | Blizzard |
| 10:22 | Reinforced Leather Armor |
| 10:43 | Scout Tower |
| 10:43 | Scout Tower |
| 10:53 | Mortar Team |
| 11:19 | Arcane Tower |
| 11:24 | Scroll of Town Portal |
| 11:25 | Scroll of Regeneration |
| 11:28 | Mortar Team |
| 11:29 | Fragmentation Shards |
| 11:49 | Farm |
| 12:07 | Mortar Team |
| 12:11 | Flare |
| 12:30 | Advanced Lumber Harvesting |
| 12:48 | Imbued Gunpowder |
| 14:47 | Mortar Team |
| 14:48 | Dragonhide Armor |
| 15:57 | Mortar Team |
| 15:59 | Rifleman |
| 15:59 | Rifleman |
| 15:59 | Rifleman |
| 16:01 | Iron Plating |
| 16:04 | Farm |
| 16:04 | Farm |
| 16:05 | Farm |
| 16:05 | Farm |
| 16:12 | Storm Bolt |
| 16:30 | Imbued Masonry |
| 16:55 | Iron Forged Swords |
| 17:55 | Mortar Team |
| 18:18 | Rifleman |
| 18:19 | Rifleman |
| 18:19 | Rifleman |
| 18:23 | Mortar Team |
| 18:23 | Mortar Team |
| 18:23 | Mortar Team |
| 19:03 | Storm Bolt |
| 19:34 | Rifleman |
| 20:01 | Lesser Clarity Potion |
| 20:03 | Scroll of Regeneration |
| 20:06 | Rifleman |
| 20:11 | Scroll of Regeneration |
| 20:14 | Potion of Mana |
| 20:14 | Potion of Healing |
| 20:36 | Scout Tower |
| 20:37 | Scout Tower |
| 20:37 | Scout Tower |
| 20:38 | Scout Tower |
| 20:59 | Steel Plating |
| 21:01 | Barrage |
| 22:07 | Blizzard |
| 24:16 | Mortar Team |
| 25:51 | Scroll of Regeneration |
| 25:54 | Mortar Team |
| 26:05 | Town Hall |
| 26:29 | Flak Cannons |
| 26:30 | Flying Machine Bombs |
| 27:18 | Scroll of Town Portal |
| 27:18 | Scroll of Town Portal |
| 28:06 | Flying Machine |
| Right click | 2274 |
| Select | 581 |
| Select group | 556 |
| Misc. action | 192 |
| Build/train/purchase | 137 |
| Assign group | 99 |
| Use ability | 34 |
| Minimap ping | 8 |
| Item give/drop | 7 |
| Esc | 3 |